Match 47121199
Unlisted

Match 47121199
End
Vickers Machine Gun Team
Construct Section Command Post
Selects Indian Artillery Battlegroup
Dingo Light Scout Car
Infantry Section
Selects Towed ML 4.2-inch Heavy Mortar
Construct Platoon Command Post
Infantry Section
Humber Armored Car
Light Vehicle Training
Royal Engineer Section
Unlock Bishop Self-propelled Artillery
Selects Valour
Bishop Self-propelled Artillery
6-pounder Anti-tank Gun Team
6-pounder Anti-tank Gun Team
Team Weapon Training
Infantry Section
Royal Engineer Section
Construct Company Command Post
Herald of Salt
BossManShaw
Konrad Curze
FLOKL
BurningShot
elfen
shadow 2 [FOXES]
独人13
0
0

Comments sign in to comment!

No comments posted yet!